 Dungeon Crawl Stone Soup version 0.30-b1-2-g02819fbbbe (webtiles) character file.

Game seed: 4157226800539529399

6076 raph the Covert (level 10, -15/45 HPs)
             Began as a Felid Venom Mage on May 18, 2023.
             Was a Priest of Sif Muna.
             Demolished by a purple ugly thing (21 damage)
             ... on level 12 of the Dungeon.
             The game lasted 00:32:09 (14178 turns).

raph the Covert (Felid Venom Mage)                 Turns: 14178, Time: 00:32:10

Health: -15/45     AC:  2    Str:  4    XL:     10   Next: 57%
Magic:  11/29      EV: 22    Int: 22    God:    Sif Muna [***...]
Gold:   613        SH:  0    Dex: 16    Spells: 4/22 levels left
                                        Lives:  0   Deaths: 2

rFire   . .          .
                       - Unarmed
rCold   . . .        (shield unavailable)
rNeg    . . .        (body armour unavailable)
rPois   +            (helmet unavailable)
rElec   .            (cloak unavailable)
rCorr   .            (gloves unavailable)
SInv    +            (boots unavailable)
Will    +....        k - amulet of regeneration
Stlth   ++++         s - ring of magical power
HPRegen 1.07/turn    t - ring of poison resistance
MPRegen 0.21/turn

%: no passive effects
@: quick
A: very small, claws 1, fangs 3, see invisible, speed 1, shaggy fur 2, stealthy
paws, no weapons or thrown items, no armour, multi-lived
a: Renounce Religion, Channel Magic, Forget Spell


You were on level 12 of the Dungeon.
You worshipped Sif Muna.
Sif Muna was most pleased with you.
You visited 1 branch of the dungeon, and saw 13 of its levels.
You also visited: Bailey.

You collected 856 gold pieces.
You spent 243 gold pieces at shops.

Inventory:

Jewellery
 k - an amulet of regeneration (around neck)
 s - a ring of magical power (left paw)
 t - a ring of poison resistance (right paw)
Wands
 n - a wand of charming (4)
 p - a wand of iceblast (8)
 q - a wand of flame (5)
 v - a wand of mindburst (14)
Scrolls
 f - 2 scrolls of blinking
 i - a scroll of poison
 r - 2 scrolls of teleportation
Potions
 a - a potion of magic
 c - a potion of ambrosia
 d - 3 potions of mutation
 e - 2 potions of heal wounds
 g - 8 potions of curing
 h - 2 potions of flight
 j - 2 potions of invisibility
 l - 3 potions of might
 m - a potion of cancellation
 o - a potion of attraction
 u - a potion of brilliance {unknown}
 w - a potion of resistance
 x - 3 potions of berserk rage


   Skills:
 + Level 5.8 Fighting
 + Level 8.4 Dodging
 + Level 9.1 Stealth
 - Level 5.1 Unarmed Combat
 + Level 6.5 Spellcasting
 * Level 8.3 Conjurations
 - Level 4.2 Translocations
 - Level 4.1 Transmutations
 * Level 4.7 Fire Magic
 + Level 8.8 Poison Magic
 * Level 4.9 Invocations


You had 4 spell levels left.
You knew the following spells:

 Your Spells              Type           Power      Damage    Failure   Level
a - Sting                 Tmut/Pois      100%       1d8       1%          1
b - Poisonous Vapours     Pois/Air       52%        N/A       2%          2
c - Mephitic Cloud        Conj/Pois/Air  32%        N/A       2%          3
d - Olgreb's Toxic Radia  Pois           46%        N/A       2%          4
e - Iskenderun's Mystic   Conj/Tloc      35%        2d8       6%          4
f - Flame Wave            Conj/Fire      36%        2d10      6%          4

Your spell library contained the following spells:

 Spells                   Type           Power      Damage    Failure   Level
 Shock                    Conj/Air       100%       1d9       1%          1
 Spider Form              Tmut/Pois      35%        N/A       1%          3
 Dazzling Flash           Conj/Hex       50%        N/A       4%          3
 Volatile Blastmotes      Fire/Tloc      54%        2d14      4%          3
 Passwall                 Tmut/Erth      13%        N/A       5%          2
 Sticky Flame             Conj/Fire      36%        2d6       6%          4
 Slow                     Hex            28%        N/A       9%          1
 Inner Flame              Hex/Fire       17%        N/A       10%         3
 Ensorcelled Hibernation  Hex/Ice        14%        N/A       13%         2
 Fulminant Prism          Conj/Hex       12%        3d8       16%         4
 Swiftness                Air            7%         N/A       26%         3
 Airstrike                Air            3%         2d(1-17)  65%         4
 Leda's Liquefaction      Hex/Erth       3%         N/A       65%         4
 Iskenderun's Battlesphe  Conj           44%        2d10      8%          5
 Fireball                 Conj/Fire      18%        3d9       16%         5
 Yara's Violent Unravell  Hex/Tmut       8%         3d5       71%         5
 Orb of Destruction       Conj           22%        9d8       93%         7
 Lee's Rapid Deconstruct  Erth           3%         3d5*      94%         5
 Conjure Ball Lightning   Conj/Air       12%        3x3d6     94%         6
 Statue Form              Tmut/Erth      10%        N/A       99%         6


Dungeon Overview and Level Annotations

Branches:
Dungeon (13/15)            Temple (0/1) D:7            Lair (0/5) D:11
    Orc (0/2) D:9          Bailey (visited)
 Vaults: D:13-14

Altars:
Ashenzari
Elyvilon
Fedhas
Hepliaklqana
Kikubaaqudgha
Nemelex Xobeh
Okawaru
Qazlal
Sif Muna
Trog

Shops:
D:9 *

Portals:
Ice
Cave: D:12

Annotations:
D:8 3 runed translucent doors, exclusion: wight


Innate Abilities, Weirdness & Mutations

You have sharp claws.
You have razor-sharp teeth.
You have supernaturally acute eyesight. (SInv)
You cover ground quickly. (Speed+)
You are covered in thick fur. (AC +2)
Your paws help you pounce on unaware monsters.
You are incapable of wielding weapons or throwing items.
You cannot wear armour.
You gain extra lives every three experience levels.


Message History

The volley of spikes misses you.
A wave of flame ripples out!
The flame wave engulfs the manticore!
The manticore is severely wounded.
The flame wave engulfs the purple ugly thing!
The purple ugly thing is moderately wounded.
You finish channelling waves of flame.
Casting: Flame Wave (dangerous; 6% risk of failure)
Confirm with . or Enter, or press ? or * to list all spells.
You don't have enough magic to cast this spell.
You fail to use your ability.
The manticore bites you. The manticore completely misses you.
The manticore claws you!
Casting: Flame Wave (dangerous; 6% risk of failure)
Confirm with . or Enter, or press ? or * to list all spells.
You don't have enough magic to cast this spell.
The manticore completely misses you. The manticore barely misses you.
The manticore misses you.
Casting: Flame Wave (dangerous; 6% risk of failure)
Confirm with . or Enter, or press ? or * to list all spells.
Casting: Flame Wave (dangerous; 6% risk of failure)
Press: ? - help, Dir - look around, f - activate A wave of flame ripples out!
The flame wave engulfs the manticore.
The manticore is severely wounded. (Press . to intensify the flame waves.)
The manticore bites you!
* * * LOW HITPOINT WARNING * * *
The manticore misses you. The manticore closely misses you.
A wave of flame ripples out!
The flame wave engulfs the manticore!
You kill the manticore!
Sif Muna accepts your kill.
The flame wave engulfs the purple ugly thing!
The purple ugly thing is moderately wounded.
You carefully extract the barbed spikes from your body.
A wave of flame ripples out!
The flame wave engulfs the purple ugly thing!
The purple ugly thing is heavily wounded.
The flame wave engulfs the vampire mosquito!
The vampire mosquito is heavily damaged.
You finish channelling waves of flame.
You feel less invigorated. The purple ugly thing headbutts you!!
You die...

#.########.#.##
#.# #.#.. #.#
#.#.#
#.########.#.#
#
#..........[.#
.#
##########...#
#.# #.####y.
#...#u# #...@#
###.#.# #.##).
#.. ...# ####
.... ..### .#
.#


You could see a purple ugly thing (poisoned) and a vampire mosquito.

Vanquished Creatures
  Josephine (D:11)
  4 two-headed ogres
  A boulder beetle (D:11)
  Lodul (D:10)
  2 manticores
  A cyclops (D:13)
  Maurice (D:9)
  2 gargoyles
  Psyche (D:8)
  An unseen horror (D:11)
  A kobold demonologist (D:9)
  A troll (D:10)
  A hornet (D:9)
  2 basilisks (D:11)
  4 wraiths (D:11)
  A wyvern (D:11)
  19 yaks
  2 vampire mosquitoes (D:12)
  An acid dragon (D:11)
  2 black bears
  A sky beast (D:7)
  A water moccasin (D:9)
  An ice beast (D:8)
  6 orc warriors
  9 ogres (D:10)
  4 centaurs
  A kobold brigand (D:7)
  A bullfrog (D:7)
  2 scorpions
  3 howler monkeys
  13 orc priests
  2 jellies
  4 hounds
  8 orc wizards
  17 gnolls
  9 adders
  3 worms
  24 orcs
  5 endoplasms
  3 giant cockroaches
  13 goblins
  19 hobgoblins
  26 kobolds
  5 quokkas
  A ball python (D:2)
  2 bats
  A frilled lizard (D:2)
  5 rats
238 creatures vanquished.

Vanquished Creatures (collateral kills)
  A hound (D:7)
1 creature vanquished.

Grand Total: 239 creatures vanquished

Notes
Turn   | Place    | Note
-------+----------+-------------------------------------------
     0 | D:1      | raph the Felid Venom Mage began the quest for the Orb.
     0 | D:1      | Reached XP level 1. HP: 7/7 MP: 4/4
   354 | D:1      | Reached XP level 2. HP: 8/11 MP: 3/6
   410 | D:1      | Learned a level 2 spell: Poisonous Vapours
  1277 | D:2      | Reached XP level 3. HP: 14/14 MP: 4/7
  1281 | D:2      | Learned a level 3 spell: Mephitic Cloud
  1861 | D:2      | Identified the staff of earth "Sutid" {rElec rCorr Stlth-}
  2281 | D:3      | Reached XP level 4. HP: 18/18 MP: 4/8
  2707 | D:3      | Reached skill level 1 in Conjurations
  3172 | D:3      | Found a stormy altar of Qazlal.
  3215 | D:3      | Reached XP level 5. HP: 16/21 MP: 0/9
  3706 | D:3      | Found a faded altar of an unknown god.
  4189 | D:4      | Reached skill level 5 in Poison Magic
  4692 | D:4      | Noticed a black bear
  4693 | D:4      | Gained mutation: You are covered in thick fur. (AC +2)
                  | [Felid growth]
  4693 | D:4      | Reached XP level 6. HP: 23/24 MP: 3/11
  4947 | D:4      | Learned a level 4 spell: Olgreb's Toxic Radiance
  5503 | D:5      | Entered Level 5 of the Dungeon
  5601 | D:5      | Noticed a water moccasin
  5653 | D:5      | Reached XP level 7. HP: 27/27 MP: 5/12
  6689 | D:7      | Found a shimmering blue altar of Sif Muna.
  6692 | D:7      | Became a worshipper of Sif Muna the Loreminder
  6739 | D:7      | Reached skill level 3 in Stealth
  6884 | D:7      | Reached skill level 1 in Fighting
  6984 | D:7      | Found a staircase to the Ecumenical Temple.
  7034 | D:7      | Found a flagged portal.
  7100 | Bailey   | Entered a bailey
  7120 | Bailey   | Noticed an orc warlord
  7126 | Bailey   | Reached XP level 8. HP: 32/32 MP: 8/14
  7227 | Bailey   | Reached * piety under Sif Muna
  7358 | Bailey   | Reached skill level 4 in Stealth
  7548 | Bailey   | Found a runed translucent gate.
  7549 | Bailey   | Found a runed translucent gate.
  7550 | Bailey   | Found a runed translucent gate.
  7782 | Bailey   | Reached skill level 6 in Stealth
  7782 | Bailey   | Reached skill level 5 in Unarmed Combat
  7782 | Bailey   | Reached skill level 5 in Spellcasting
  7782 | Bailey   | Reached XP level 9. HP: 39/39 MP: 5/17
  7889 | D:7      | Identified a scroll of acquirement
  7889 | D:7      | Acquired a book of Blasting
  7896 | D:7      | Learned a level 4 spell: Iskenderun's Mystic Blast
  8361 | D:7      | Reached skill level 7 in Stealth
  8607 | D:8      | Reached skill level 1 in Translocations
  9237 | D:8      | Noticed Psyche
  9247 | D:8      | Killed Psyche
  9630 | D:8      | Found a runed translucent gate.
  9630 | D:8      | Noticed a red ugly thing
  9631 | D:8      | Found a runed translucent gate.
  9633 | D:8      | Found a runed translucent gate.
  9633 | D:8      | Noticed a white ugly thing
  9635 | D:8      | Noticed a purple ugly thing
  9635 | D:8      | Noticed a white ugly thing
 10107 | D:9      | Learned a level 4 spell: Flame Wave
 10266 | D:9      | Reached ** piety under Sif Muna
 10422 | D:9      | Paralysed by a hornet for 2 turns
 10427 | D:9      | Reached skill level 1 in Invocations
 10427 | D:9      | Reached XP level 10. HP: 17/43 MP: 9/19
 10522 | D:9      | Reached skill level 1 in Fire Magic
 10673 | D:9      | Noticed a rust devil
 10679 | D:9      | Noticed an orange demon
 10902 | D:9      | Found a hazy altar of Hepliaklqana.
 11048 | D:9      | Found a staircase to the Orcish Mines.
 11254 | D:9      | Found Jociss's Assorted Antiques.
 11260 | D:9      | Bought a scroll of identify for 54 gold pieces
 11260 | D:9      | Bought a wand of flame (10) for 189 gold pieces
 11269 | D:9      | Noticed Maurice
 11282 | D:9      | Killed Maurice
 11435 | D:9      | Found a bloodstained altar of Trog.
 11563 | D:10     | Entered Level 10 of the Dungeon
 11875 | D:10     | Noticed a gargoyle
 11939 | D:10     | Noticed Lodul
 11955 | D:10     | Reached skill level 8 in Stealth
 11958 | D:10     | Reached skill level 5 in Fighting
 11959 | D:10     | Reached XP level 11. HP: 47/47 MP: 4/20
 11973 | D:10     | Killed Lodul
 11982 | D:10     | Noticed a two-headed ogre
 12028 | D:10     | Killed a two-headed ogre
 12203 | D:10     | Found a blossoming altar of Fedhas.
 12241 | D:10     | Found an iron altar of Okawaru.
 12247 | D:10     | Found an ancient bone altar of Kikubaaqudgha.
 12250 | D:10     | Found a broken altar of Ashenzari.
 12250 | D:10     | Found a sparkling altar of Nemelex Xobeh.
 12257 | D:10     | Found a white marble altar of Elyvilon.
 12695 | D:11     | Found a staircase to the Lair.
 12696 | D:11     | Noticed Josephine
 12711 | D:11     | Reached *** piety under Sif Muna
 12716 | D:11     | HP: 2/48 [wraith[Josephine] (5)]
 12716 | D:11     | Slain by Josephine
 12717 | D:11     | Reached XP level 10. HP: -3/44 MP: 10/29
 12744 | D:11     | Noticed a gargoyle
 12903 | D:11     | Noticed a boulder beetle
 12904 | D:11     | Got the Textbook on Putrid Execration
 12915 | D:11     | Killed a boulder beetle
 13080 | D:11     | Killed Josephine
 13220 | D:11     | Noticed a two-headed ogre
 13238 | D:11     | Killed a two-headed ogre
 13293 | D:11     | Noticed a manticore
 13296 | D:11     | Killed a gargoyle
 13322 | D:11     | Killed a manticore
 13323 | D:11     | Reached XP level 11. HP: 48/48 MP: 15/21
 13832 | D:11     | You fall into a shaft and drop 2 floors!
 13954 | D:13     | Noticed a two-headed ogre
 13969 | D:13     | Killed a two-headed ogre
 14093 | D:13     | Noticed a centaur warrior
 14110 | D:12     | Noticed a purple ugly thing
 14113 | D:12     | HP: 2/48 [vampire mosquito (9)]
 14113 | D:12     | Mangled by a vampire mosquito
 14114 | D:12     | Reached XP level 10. HP: -7/45 MP: 25/29
 14114 | D:12     | Found a frozen archway.
 14158 | D:12     | Noticed a two-headed ogre
 14165 | D:12     | Reached skill level 9 in Stealth
 14167 | D:12     | Killed a two-headed ogre
 14177 | D:12     | Killed a manticore
 14178 | D:12     | Demolished by a purple ugly thing

Illustrated notes

Levels and vault maps discovered:
D:1:      tarquinn_simple_flora_water_c, layout_loops_ring
D:2:      layout_basic
D:3:      layout_basic, mainiacjoe_overflow_alcove_1,
          hellmonk_ecumenical_altar_run_dry
D:4:      layout_rooms, minmay_goblin_kobold_house
D:5:      layout_loops_ring, minivault_27
D:6:      layout_cave_pools, lemuel_tele_altar, uniq_pikel
D:7:      layout_loops_ring, lemuel_blue_sif_altar,
          minmay_temple_entry_glassed_door, enter_bailey_5
D:8:      layout_loops_ring, ploomutoo_gammafunk_ghost_potion_laboratory,
          nrook_uturn, uniq_psyche
D:9:      layout_roguey, nzn_hepliaklqana_mist_gate, trog_hazing_becter,
          orc_0_dummy, serial_shops, nicolae_shop_back_alley_shop,
          grunt_ministairs_4, uniq_maurice
D:10:     layout_long_grid, lemuel_doored_altar,
          nicolae_overflow_hallway_of_the_gods, uniq_lodul
D:11:     layout_long_grid, david_lair_generic, uniq_nergalle, uniq_josephine,
          uniq_sonja
D:12:     layout_loops_ring, portal_ice_cave_entry_pillars_1
D:13:     layout_irregular_city, fedhas_altar_fruit_tree, uniq_frances

Skill      XL: |  1  2  3  4  5  6  7  8  9 10 11 |
---------------+----------------------------------+-----
Poison Magic   | 3 4 5 6 7 8 |  8.8
Conjurations   | 1 2 3 6 8 |  8.3
Spellcasting   | 3 5 6 |  6.5
Dodging        | 3 6 8 |  8.4
Stealth        | 3 6 7 9 |  9.1
Fighting       | 1 4 5 |  5.8
Unarmed Combat | 5 |  5.1
Transmutations | 4 |  4.1
Translocations | 3 4 |  4.2
Invocations    | 1 4 3 |  4.9
Fire Magic     | 4 3 |  4.7

Action                     |  1- 3 |  4- 6 |  7- 9 | 10-12 || total
---------------------------+-------+-------+-------+-------++-------
  Melee: Unarmed           |     8 |    42 |    22 |    35 ||   107
         Bite              |       |     3 |     1 |     6 ||    10
         Punch             |       |     2 |       |     1 ||     3
   Cast: Sting             |    60 |    71 |    45 |    18 ||   194
         Poisonous Vapours |    13 |    49 |    18 |     5 ||    85
         Mephitic Cloud    |       |     2 |    27 |    28 ||    57
         Olgreb's Toxic Ra |       |     5 |    49 |    45 ||    99
         Iskenderun's Myst |       |       |     9 |    28 ||    37
         Flame Wave        |       |       |     3 |    14 ||    17
 Invoke: Channel Magic     |       |       |       |     3 ||     3
  Evoke: Wand              |       |     1 |     3 |    32 ||    36
    Use: Scroll            |     7 |     1 |    12 |     5 ||    25
         Potion            |       |       |     1 |     4 ||     5
   Stab: Confused          |       |     1 |     1 |     2 ||     4
         Sleeping          |       |     1 |     1 |       ||     2
 Armour: Skin              |     1 |     2 |     4 |     3 ||    10
  Dodge: Dodged            |    13 |    49 |    45 |   134 ||   241
